 Dungeon Crawl Stone Soup version 0.28.0-43-g3370ac3207 (webtiles) character file.

Game seed: 4414249762947428896

84 Ablot the Grasshopper (level 4, -1/38 HPs)
             Began as a Gnoll Warper on Mar 19, 2022.
             Slain by Pargi (6 damage)
             ... in a sewer.
             The game lasted 00:04:45 (2882 turns).

Ablot the Grasshopper (Gnoll Warper)                Turns: 2882, Time: 00:04:46

Health: -1/38      AC:  5    Str: 13    XL:     4   Next: 46%
Magic:  11/11      EV: 12    Int: 12    God:
Gold:   55         SH:  0    Dex: 11    Spells: 11/13 levels left

rFire   . . .      SeeInvis .   a - +0 spear
rCold   . . .      Faith    .   (no shield)
rNeg    . . .      Spirit   .   r - +1 leather armour {Will+}
rPois   .          Reflect  .   m - +0 helmet
rElec   .          Harm     .   (no cloak)
rCorr   .          Rampage  .   (no gloves)
Will    +....                   (no boots)
Stlth   +.........              (no amulet)
HPRegen 0.12/turn               (no ring)
MPRegen 0.12/turn               (no ring)

@: no status effects
A: fangs 1, strong nose, distributed training
a: no special abilities


You were in a sewer.
You visited 1 branch of the dungeon, and saw 3 of its levels.
You also visited: Sewer.

You collected 83 gold pieces.
You spent 28 gold pieces at shops.

Inventory:

Hand Weapons
 a - a +0 spear (weapon)
Missiles
 d - 5 boomerangs of dispersal (quivered)
 g - 29 arrows
 h - 45 stones
Armour
 m - a +0 helmet (worn)
 r - a +1 leather armour of willpower (worn)
Scrolls
 b - a scroll of identify {unknown}
 c - a scroll of blinking
 f - a scroll of torment {unknown}
 k - a scroll of immolation {unknown}
 l - a scroll of fear {unknown}
 n - a scroll of fog {unknown}
 o - a scroll of vulnerability {unknown}
 p - a scroll of noise {unknown}
 q - 2 scrolls of enchant armour {unknown}
 s - a scroll of teleportation {unknown}
Potions
 e - a potion of berserk rage {unknown}
 i - a potion of resistance {unknown}
 j - 2 potions of curing


   Skills:
 + Level 4.6 Fighting
 + Level 1.1 Short Blades
 + Level 1.1 Long Blades
 + Level 1.1 Axes
 + Level 1.1 Maces & Flails
 + Level 4.6 Polearms
 + Level 1.1 Staves
 + Level 1.1 Slings
 + Level 1.1 Bows
 + Level 1.1 Crossbows
 + Level 2.7 Throwing
 + Level 2.7 Armour
 + Level 4.6 Dodging
 + Level 1.1 Stealth
 + Level 1.1 Shields
 + Level 1.1 Unarmed Combat
 + Level 5.1 Spellcasting
 + Level 0.9 Conjurations
 + Level 0.9 Hexes
 + Level 0.9 Summonings
 + Level 0.9 Necromancy
 + Level 5.4 Translocations
 + Level 0.9 Transmutations
 + Level 0.9 Fire Magic
 + Level 0.9 Ice Magic
 + Level 0.9 Air Magic
 + Level 0.9 Earth Magic
 + Level 0.9 Poison Magic
 + Level 1.2 Invocations
 + Level 1.1 Evocations


You had 11 spell levels left.
You knew the following spells:

 Your Spells              Type           Power      Damage    Failure   Level
a - Blink                 Tloc           32%        N/A       4%          2

Your spell library contained the following spells:

 Spells                   Type           Power      Damage    Failure   Level
 Gell's Gravitas          Tloc           16%        N/A       8%          3
 Lesser Beckoning         Tloc           16%        N/A       8%          3
 Teleport Other           Tloc           16%        N/A       8%          3
 Corpse Rot               Necr/Air       10%        N/A       26%         2
 Poisonous Vapours        Pois/Air       10%        N/A       26%         2
 Manifold Assault         Tloc           16%        N/A       58%         5


Dungeon Overview and Level Annotations

Branches:
Dungeon (3/15)              Sewer (1/1)

Altars:

Shops:
D:1 *?[=*

Annotations:
Sewer Pargi


Innate Abilities, Weirdness & Mutations

You have very sharp teeth.
Your uncanny sense of smell can sniff out nearby items.
Your experience applies equally to all skills.


Message History

You closely miss Pargi. You bite Pargi, but do no damage.
Pargi is heavily wounded.
You closely miss Pargi.
Pargi is heavily wounded.
Pargi bites you but does no damage. Pargi claws you.
* * * LOW HITPOINT WARNING * * *
Pargi closely misses you.
It was a potion of curing.
You feel better. Pargi bites you. Pargi claws you but does no damage. x2
Unknown command.
You hit Pargi.
Pargi is heavily wounded.
Pargi bites you. Pargi misses you. Pargi closely misses you.
You closely miss Pargi. You bite Pargi.
Pargi is heavily wounded.
Pargi closely misses you. Pargi claws you but does no damage.
Pargi barely misses you.
You hit Pargi but do no damage.
Pargi is heavily wounded.
Pargi bites you.
* * * LOW HITPOINT WARNING * * *
Pargi claws you but does no damage. Pargi misses you.
You closely miss Pargi. Your bite misses Pargi.
Pargi is heavily wounded.
Pargi bites you.
* * * LOW HITPOINT WARNING * * *
Pargi claws you but does no damage. x2
You hit Pargi.
Pargi is heavily wounded.
Pargi barely misses you. Pargi closely misses you. Pargi completely misses you.
You hit Pargi.
Pargi is heavily wounded.
Pargi barely misses you. Pargi claws you but does no damage.
Pargi barely misses you.
You closely miss Pargi.
Pargi is heavily wounded.
You barely miss Pargi. You bite Pargi, but do no damage.
Pargi is heavily wounded.
Pargi bites you.
You die...

≈≈≈≈≈≈≈≈≈≈≈≈≈≈≈≈≈≈#
≈≈≈≈≈≈≈≈≈≈≈≈≈≈≈≈≈≈##
≈≈≈≈≈≈≈≈≈≈≈≈≈≈≈≈≈≈≈##
≈≈≈≈≈≈≈≈≈≈≈≈≈≈≈≈≈≈≈≈#
≈≈≈≈≈≈≈≈≈≈≈≈≈≈≈≈≈≈≈≈##
≈≈≈≈≈≈≈≈≈≈≈≈≈≈≈≈≈≈≈≈≈≈
≈≈≈≈≈≈≈≈≈≈≈≈≈≈≈≈≈≈≈≈≈##
≈≈≈≈..≈≈≈##≈≈≈≈≈≈≈≈≈≈≈≈#
≈≈#..#≈#####T@≈≈≈≈≈≈≈≈≈#≈
# #≈ ###†≈≈≈≈≈≈≈≈≈≈≈ #T
##.≈≈≈≈≈≈≈≈≈≈# #.
#.≈≈≈≈≈≈≈≈≈≈≈# #.
###≈≈≈≈≈≈≈≈≈≈# #≈
#..≈≈≈≈≈≈≈≈≈ #≈
#..≈≈≈≈≈≈≈≈# ∆ ∆
###.≈≈≈≈≈≈≈# ∆ #.†≈≈≈≈≈≈≈


You could see Pargi.

Vanquished Creatures
  2 adders (D:2)
  A river rat (D:3)
  A worm (D:2)
  A dart slug (D:2)
  4 orcs (D:3)
  2 bats (D:1)
  5 endoplasms
  A giant cockroach (D:3)
  A hobgoblin (D:1)
  2 jackals (D:3)
  3 quokkas
  11 ball pythons
  3 frilled lizards
  2 goblins (D:2)
  5 kobolds (D:1)
  5 rats
49 creatures vanquished.

Notes
Turn   | Place    | Note
-------+----------+-------------------------------------------
     0 | D:1      | Ablot the Gnoll Warper began the quest for the Orb.
     0 | D:1      | Reached XP level 1. HP: 20/20 MP: 6/6
   257 | D:1      | Found Beeskomo's Assorted Antiques.
   380 | D:1      | Reached XP level 2. HP: 15/26 MP: 7/7
   383 | D:1      | Learned a level 2 spell: Blink
   538 | D:1      | Found Faagear's Assorted Antiques.
   550 | D:1      | Found Telo's Jewellery Shop.
   590 | D:1      | Found Tangust's Armour Emporium.
   888 | D:1      | Found a faded altar of an unknown god.
   983 | D:1      | Found Pipnewew's Magic Scroll Shop.
  1103 | D:1      | Bought a scroll labelled VEAXIN AVOGH for 28 gold pieces
  1348 | D:2      | Reached XP level 3. HP: 31/31 MP: 9/9
  1424 | D:2      | Reached skill level 5 in Spellcasting
  1504 | D:2      | Reached skill level 1 in Invocations
  2018 | D:2      | Reached skill level 1 in Short Blades
  2018 | D:2      | Reached skill level 1 in Long Blades
  2018 | D:2      | Reached skill level 1 in Axes
  2018 | D:2      | Reached skill level 1 in Maces & Flails
  2018 | D:2      | Reached skill level 1 in Staves
  2018 | D:2      | Reached skill level 1 in Slings
  2018 | D:2      | Reached skill level 1 in Bows
  2018 | D:2      | Reached skill level 1 in Crossbows
  2018 | D:2      | Reached skill level 1 in Stealth
  2018 | D:2      | Reached skill level 1 in Shields
  2018 | D:2      | Reached skill level 1 in Unarmed Combat
  2018 | D:2      | Reached skill level 1 in Evocations
  2222 | D:3      | Reached XP level 4. HP: 31/38 MP: 11/11
  2498 | D:3      | Found a glowing drain.
  2524 | Sewer    | Entered a sewer
  2848 | Sewer    | Noticed Pargi
  2882 | Sewer    | Slain by Pargi

Illustrated notes

Levels and vault maps discovered:
D:1:      dpeg_arrival_round_c, layout_loops_cross,
          ebering_ecumenical_altar_petrified, serial_shops,
          nicolae_shop_overgrown_old_shop, shop, nicolae_shop_trees, shop, shop
D:2:      layout_basic, minmay_crystal_room, small_statue_intersection,
          minmay_misc_feat_more_columns
D:3:      layout_loops_ring, gup_sewer_entry_bubbles
Sewer:    sewer_co_pargi_island

Skill      XL: |  1  2  3 |
---------------+----------+-----
Spellcasting   | 5 |  5.1
Invocations    | 1 |  1.2
Short Blades   | 1 |  1.1
Long Blades    | 1 |  1.1
Axes           | 1 |  1.1
Maces & Flails | 1 |  1.1
Staves         | 1 |  1.1
Slings         | 1 |  1.1
Bows           | 1 |  1.1
Crossbows      | 1 |  1.1
Stealth        | 1 |  1.1
Shields        | 1 |  1.1
Unarmed Combat | 1 |  1.1
Evocations     | 1 |  1.1
Fighting       | |  4.6
Polearms       | |  4.6
Throwing       | |  2.7
Armour         | |  2.7
Dodging        | |  4.6
Conjurations   | |  0.9
Hexes          | |  0.9
Summonings     | |  0.9
Necromancy     | |  0.9
Translocations | |  5.4
Transmutations | |  0.9
Fire Magic     | |  0.9
Ice Magic      | |  0.9
Air Magic      | |  0.9
Earth Magic    | |  0.9
Poison Magic   | |  0.9

Action                   |  1- 3 |  4- 6 || total
-------------------------+-------+-------++-------
Melee: Spear             |   153 |    95 ||   248
       Bite              |    15 |     9 ||    24
       Punch             |     2 |     1 ||     3
  Use: Potion            |       |     1 ||     1
 Stab: Sleeping          |     2 |       ||     2
Armor: Leather armour    |    20 |    51 ||    71
Dodge: Dodged            |    72 |    62 ||   134
